 Dungeon Crawl Stone Soup version 0.25.1-2-g60ff931df9 (webtiles) character file.

Game seed: 5515953164179515909

1122 BledDest the Carver (level 8, -12/96 HPs)
             Began as a Demonspawn Monk on Aug 4, 2020.
             Was a Believer of Makhleb.
             Mangled by Duvessa
             ... wielding a +0 rapier of venom
              (14 damage)
             ... on level 6 of the Dungeon.
             The game lasted 00:11:32 (6439 turns).

BledDest the Carver (Demonspawn Monk)               Turns: 6439, Time: 00:11:32

Health: -12/96     AC: 11    Str: 14    XL:     8   Next: 12%
Magic:  0/8        EV: 12    Int:  7    God:    Makhleb [**....]
Gold:   288        SH:  0    Dex: 16    Spells: 7/7 levels left

rFire    . . .     SeeInvis .   h - +2 war axe (elec)
rCold    . . .     Gourm    .   (no shield)
rNeg     . . .     Faith    .   r - +4 ring mail
rPois    .         Spirit   +   (helmet restricted)
rElec    .         Reflect  .   (no cloak)
rCorr    .         Harm     .   n - +0 pair of gloves
MR       .....                  C - +0 pair of boots
Stlth    ..........             (no amulet)
HPRegen  0.26/turn              w - ring of stealth
MPRegen  0.22/turn              x - -4 ring of intelligence (curse)

@: berserking, lethally poisoned (-12 -> -73), very quick
A: horns 2, powered by pain 1, magic shield, magic regeneration
a: Minor Destruction, Renounce Religion


You were on level 6 of the Dungeon.
You worshipped Makhleb.
Makhleb was pleased with you.
You were not hungry.

You visited 2 branches of the dungeon, and saw 7 of its levels.

You collected 288 gold pieces.

Inventory:

Hand Weapons
 a - a +0 falchion
 g - a +2 dagger of draining
 h - a +2 war axe of electrocution (weapon)
Missiles
 e - 5 boomerangs of dispersal
 i - 289 stones (quivered)
 s - 18 poisoned darts
 y - 7 curare-tipped darts
Armour
 f - a +2 robe of magic resistance
 n - a +0 pair of gloves (worn)
 r - a +4 ring mail (worn)
 C - a +0 pair of boots (worn)
Jewellery
 w - a ring of stealth (left hand)
 x - a cursed -4 ring of intelligence (right hand)
Wands
 u - a wand of flame (11)
Scrolls
 d - 3 scrolls of blinking
 j - 2 scrolls of enchant armour
 k - 2 scrolls of immolation
 l - 3 scrolls of teleportation
 m - 6 scrolls of identify
 o - 4 scrolls of fear
 v - a scroll of amnesia
Potions
 b - a potion of ambrosia {unknown}
 q - 2 potions of heal wounds
 t - 3 potions of berserk rage
 z - a potion of lignification {unknown}
 A - 2 potions of curing {unknown}
 B - a potion of haste
Comestibles
 c - 12 rations
 p - 3 chunks of flesh


   Skills:
 + Level 5.9 Fighting
 - Level 8.0 Long Blades
 - Level 2.6 Dodging
 - Level 1.7 Stealth


You had 7 spell levels left.
You didn't know any spells.
Your spell library contained the following spells:

 Spells                   Type           Power        Failure   Level  Hunger
 Magic Dart               Conj           #...         67%         1    ##.....
 Blink                    Tloc           N/A          82%         2    ###....
 Call Imp                 Summ           #.......     82%         2    ###....
 Slow                     Hex            #.......     82%         2    ###....
 Conjure Flame            Conj/Fire      #.......     96%         3    ####...
 Mephitic Cloud           Conj/Pois/Air  #.......     96%         3    ####...


Dungeon Overview and Level Annotations

Branches:
Dungeon (6/15)             Temple (1/1) D:5

Altars:
Ashenzari
Cheibriados
Dithmenos
Elyvilon
Fedhas
Gozag
Hepliaklqana
Kikubaaqudgha
Makhleb
Nemelex Xobeh
Qazlal
Ru
Sif Muna
Trog
Uskayaw
Wu Jian
Xom
Zin
The Shining One

Shops:
D:3 *

Annotations:
D:6 Duvessa


Innate Abilities, Weirdness & Mutations

You have a pair of horns on your head.
You sometimes gain a little power by taking damage.
When hurt, damage is shared between your health and your magic reserves.
You regenerate magic rapidly.


Message History

Duvessa hits you with a +0 rapier of venom.
* * * LOW HITPOINT WARNING * * *
Duvessa hits you with a +0 rapier of venom.
* * * LOW HITPOINT WARNING * * *
A red film seems to cover your vision as you go berserk!
You feel yourself moving faster!
You feel mighty!
* * * LOW HITPOINT WARNING * * *
You feel very sick.
Duvessa hits you with a +0 rapier of venom.
* * * LOW HITPOINT WARNING * * *
You are more poisoned.
You slash Duvessa! You headbutt Duvessa!
Duvessa is almost dead.
* * * LOW HITPOINT WARNING * * *
You feel very sick.
Duvessa hits you with a +0 rapier of venom.
* * * LOW HITPOINT WARNING * * *
You are more poisoned.
Duvessa hits you with a +0 rapier of venom!
You die...

## .. ###.# (..
..... ..... ##.##
.....
.....##...##.....
..........#....#.
.................
.......)........
.......@e..[#
..##........#
......####..##
......#......#
........####.## # .
......# #...#.#..
..##..#####..#.....#
................#...
.......รท.......##
..


You could see Duvessa (berserk).

Vanquished Creatures
  Sigmund (D:3)
  An ogre (D:3)
  A bullfrog (D:6)
  Dowan (D:6)
  A scorpion (D:5)
  A howler monkey (D:5)
  2 crimson imps (D:6)
  A centaur zombie (D:6)
  2 hounds
  An orc priest (D:3)
  Jessica (D:2)
  An orc wizard (D:6)
  Ijyb (D:4)
  Natasha (thrice) (D:2)
  2 worker ants (D:5)
  Robin (D:3)
  6 adders
  4 gnolls
  A shadow imp (D:6)
  An adder skeleton (D:4)
  6 worms
  2 dart slugs
  5 leopard geckos
  18 orcs
  4 giant cockroaches
  23 goblins
  11 hobgoblins
  6 jackals (D:4)
  13 kobolds
  3 quokkas
  3 ball pythons
  7 bats
  5 frilled lizards
  8 rats
147 creatures vanquished.

Notes
Turn   | Place    | Note
-------+----------+-------------------------------------------
     0 | D:1      | BledDest the Demonspawn Monk began the quest for the Orb.
     0 | D:1      | Reached XP level 1. HP: 18/18 MP: 1/1
   215 | D:1      | Reached skill level 3 in Long Blades
   256 | D:1      | Gained mutation: You have a pair of small horns on your
                  | head. [demonic ancestry]
   256 | D:1      | Reached XP level 2. HP: 22/24 MP: 2/2
  1279 | D:2      | Gained mutation: When hurt, damage is shared between your
                  | health and your magic reserves. [demonic ancestry]
  1279 | D:2      | Reached XP level 3. HP: 26/29 MP: 3/3
  1326 | D:2      | Noticed a +0 dagger
  1335 | D:2      | Noticed a +0 hand axe
  1344 | D:2      | Found a hide-covered altar of Uskayaw.
  1411 | D:2      | Found a shattered altar of Ashenzari.
  1461 | D:2      | Reached skill level 4 in Long Blades
  1716 | D:2      | Noticed Natasha
  1737 | D:2      | Killed Natasha
  1737 | D:2      | Reached XP level 4. HP: 18/35 MP: 0/4
  2088 | D:2      | Noticed Natasha
  2096 | D:2      | Killed Natasha
  2096 | D:2      | Reached skill level 5 in Long Blades
  2120 | D:2      | Noticed Jessica
  2131 | D:2      | Killed Jessica
  2131 | D:2      | Reached XP level 5. HP: 39/41 MP: 5/5
  2419 | D:2      | Found a hide-covered altar of Uskayaw.
  2443 | D:2      | Found a shattered altar of Ashenzari.
  2505 | D:2      | Noticed Natasha
  2514 | D:2      | Killed Natasha
  2905 | D:4      | Reached skill level 6 in Long Blades
  2943 | D:4      | Found a sparkling altar of Nemelex Xobeh.
  3182 | D:4      | Noticed Ijyb
  3212 | D:4      | Killed Ijyb
  3212 | D:4      | Gained mutation: You sometimes gain a little power by
                  | taking damage. [demonic ancestry]
  3212 | D:4      | Reached XP level 6. HP: 43/47 MP: 6/6
  3519 | D:3      | Found an opulent altar of Gozag.
  3520 | D:3      | Found Gozag's Platinum Reserve.
  3752 | D:3      | Noticed Robin
  3783 | D:3      | Reached skill level 7 in Long Blades
  3801 | D:3      | Killed Robin
  3801 | D:3      | Noticed Sigmund
  3817 | D:3      | Killed Sigmund
  3817 | D:3      | Gained mutation: You regenerate magic rapidly. [demonic
                  | ancestry]
  3817 | D:3      | Reached XP level 7. HP: 42/52 MP: 7/7
  3913 | D:3      | Found a blossoming altar of Fedhas.
  4966 | D:5      | Entered Level 5 of the Dungeon
  4983 | D:5      | Reached skill level 8 in Long Blades
  5020 | D:5      | Found a staircase to the Ecumenical Temple.
  5087 | Temple   | Entered the Ecumenical Temple
  5122 | Temple   | Became a worshipper of Makhleb the Destroyer
  5122 | Temple   | Reached * piety under Makhleb
  5122 | Temple   | Reached ** piety under Makhleb
  5367 | D:5      | Found a glowing golden altar of the Shining One.
  5584 | D:5      | Found a shattered altar of Ashenzari.
  5757 | D:5      | Found a blossoming altar of Fedhas.
  6267 | D:6      | Reached skill level 5 in Fighting
  6293 | D:6      | Found a shimmering blue altar of Sif Muna.
  6306 | D:6      | Gained mutation: You have a pair of horns on your head.
                  | [demonic ancestry]
  6306 | D:6      | Reached XP level 8. HP: 53/63 MP: 8/8
  6423 | D:6      | Noticed Dowan
  6424 | D:6      | Noticed Duvessa
  6436 | D:6      | Killed Dowan
  6439 | D:6      | HP: 2/96 [Duvessa/+0 rapier of venom (3)]
  6439 | D:6      | Mangled by Duvessa

Illustrated notes

Levels and vault maps discovered:
D:1:      dpeg_arrival_signposts, layout_basic, minivault_14
D:2:      layout_basic, dancing_weapons_uskayaw, nicolae_overflow_crystal_walls,
          uniq_natasha, uniq_jessica
D:3:      minmay_diamond_boxcup, layout_basic, nicolae_gozag_zags_fifth_avenue,
          fedhas_altar_3, uniq_robin, uniq_sigmund
D:4:      kennysheep_goblin_castle, layout_basic,
          nemelex_xobeh_ov_fountains_minmay, nicolae_zen_rock_garden,
          chequers_serial_rivers_micro_a, kennysheep_opposing_triangles
D:5:      layout_cave_pools, marbit_many_paths, old_standard_altar,
          minmay_temple_entry_trees, first_ration, evilmike_ruin_ashenzari
D:6:      layout_cave_pools, overflow_temple_1_default, uniq_duvessa
Temple:   minmay_temple_bridge_abc

Skill      XL: |  1  2  3  4  5  6  7 |
---------------+----------------------+-----
Long Blades    | 3 4 5 6 7 8 |  8.0
Fighting       | 5 |  5.9
Dodging        | |  2.6
Stealth        | |  1.7

Action                   |  1- 3 |  4- 6 |  7- 9 || total
-------------------------+-------+-------+-------++-------
Melee: Falchion          |    51 |       |       ||    51
       Dagger            |    60 |   229 |   169 ||   458
       Headbutt          |     7 |    27 |    28 ||    62
       War axe           |       |       |    21 ||    21
  Use: Potion            |     4 |       |     1 ||     5
       Scroll            |       |       |    10 ||    10
 Stab: Sleeping          |     7 |     2 |     6 ||    15
       Invisible         |     1 |       |       ||     1
  Eat: Chunk             |     3 |     6 |     9 ||    18
Armor: Robe              |    13 |    12 |       ||    25
       Ring mail         |       |    63 |    80 ||   143
Dodge: Dodged            |    77 |   118 |   101 ||   296
       Rpst.: Falchion   |    13 |       |       ||    13
